 Dungeon Crawl Stone Soup version 0.18-a0-1312-gf98331d (webtiles) character file.

1609 sugabear the Ruffian (level 8, 0/75 HPs)
             Began as a Troll Transmuter on Feb 14, 2016.
             Was a Priest of Qazlal.
             Slain by a wight
             ... wielding a cursed +0 great sword
              (8 damage)
             ... on level 7 of the Dungeon.
             The game lasted 00:09:57 (6071 turns).

sugabear the Ruffian (Troll Transmuter)             Turns: 6071, Time: 00:09:57

Health: 0/75       AC:  7    Str: 23 (25) XL:     8   Next: 63%
Magic:  11/11      EV: 11    Int: 13      God:    Qazlal [***...]
Gold:   252        SH:  4    Dex: 10      Spells: 1 memorised, 12 levels left

rFire  . . .     SeeInvis .       - Unarmed
rCold  . . .     Gourm    +     C - +2 robe of Supple Strength {+Inv Str+6}
rNeg   . . .     Faith    .     (no shield)
rPois  +         Spirit   .     (helmet restricted)
rElec  .         Dismiss  .     (no cloak)
rCorr  .         Reflect  .     (gloves unavailable)
SustAt .         Harm     .     (boots unavailable)
MR     ++...                    (no amulet)
Stlth  +.........               h - ring of protection from magic
                                g - ring of protection from magic

@: drained, very resistant to hostile enchantments, very unstealthy
A: unfitting armour, claws 3, clever 1, fast metabolism 3, gourmand, sense
surroundings 1, poison resistance, regeneration 2, shaggy fur 1, tough skin 2,
no device heal 1, subdued magic 1
a: Upheaval, Elemental Force, Renounce Religion, Evoke Invisibility


You were on level 7 of the Dungeon.
You worshipped Qazlal.
Qazlal was most pleased with you.
You were full.

You visited 2 branches of the dungeon, and saw 8 of its levels.
You also visited: Sewer.

You collected 252 gold pieces.

Inventory:

Missiles
 l - 113 stones
 n - a throwing net
 r - 7 javelins (quivered)
 y - 8 tomahawks
Armour
 C - the +2 robe of Supple Strength (worn) {+Inv Str+6}
   (You found it on level 4 of the Dungeon)

   It affects your strength (+6).
   It lets you turn invisible.
Jewellery
 g - a ring of protection from magic (left claw)
 h - a ring of protection from magic (right claw)
 m - an uncursed ring of sustain attributes {unknown}
 D - an uncursed ring of protection from cold
 H - an uncursed ring of protection from fire
Wands
 b - a wand of polymorph (15/24)
 F - a wand of iceblast (6/15)
Scrolls
 a - 6 scrolls of remove curse
 e - 2 scrolls of fog
 j - a scroll of magic mapping {unknown}
 k - 2 scrolls of fear
 p - 2 scrolls of teleportation
 v - 3 scrolls of enchant weapon
 I - a scroll of vulnerability
Potions
 i - a potion of might {unknown}
 o - a potion of resistance {unknown}
 s - a potion of haste
 x - 2 potions of flight
 A - 2 potions of curing
 G - a potion of lignification
Books
 c - a book of Changes

   Spells                             Type                      Level
   a - Beastly Appendage              Transmutation                1
   b - Sticks to Snakes               Transmutation                2
   c - Spider Form                    Transmutation/Poison         3
   d - Ice Form                       Ice/Transmutation            4
   e - Blade Hands                    Transmutation                5
Comestibles
 d - 7 bread rations
 f - 15 fruits
 B - 4 meat rations


   Skills:
 + Level 3.2(3.0) Fighting
 + Level 0.8(0.6) Throwing
 + Level 4.4(4.3) Dodging
 - Level 0.1(0.0) Stealth
 + Level 5.3(5.1) Unarmed Combat
 * Level 3.2(3.1) Spellcasting
 * Level 3.3(3.1) Transmutations
 * Level 3.2(3.0) Invocations


You had 12 spell levels left.
You knew the following spells:

 Your Spells              Type           Power        Failure   Level  Hunger
a - Beastly Appendage     Trmt           #.....       4%          1    #......


Dungeon Overview and Level Annotations

Branches:
Dungeon (7/15)             Temple (1/1) D:6

Altars:
Ashenzari
Cheibriados
Dithmenos
Elyvilon
Fedhas
Kikubaaqudgha
Makhleb
Nemelex Xobeh
Okawaru
Pakellas
Qazlal
Ru
Sif Muna
Trog
Xom
Yredelemnul
Zin

Shops:
D:6 [


Innate Abilities, Weirdness & Mutations

You are too large for most types of armour.
You have claws for hands.
Your metabolism is lightning-fast.
You like to eat raw meat.
You heal very quickly.
You are covered in fur (AC +1).
You have very tough skin (AC +2).
Your mind is acute. (Int +2)
You passively map a small area around you.
Your system is resistant to poisons.
Potions and wands are less effective at restoring your health.
Your spells are a little easier to cast, but a little less powerful.


Message History

You see here 2 arrows.
A wight opens the door.
You see here a scorpion corpse.
The hound bites you but does no damage. The hound barely misses you.
Found a stone staircase leading down.
The hound misses you. You block the hound's attack.
You closely miss the hound. You block the hound's attack.
You barely miss the hound. The hound bites you but does no damage.
The wight hits you with a great sword!
* * * LOW HITPOINT WARNING * * *
The hound barely misses you.
There is a stone staircase leading down here.
You block the wight's attack. The hound completely misses you.
The hound bites you.
* * * LOW HITPOINT WARNING * * *
The hound bites you but does no damage. The wight hits you with a great sword!
You die...

#.#.... , ** ..# ,
....._ , .. #....
, ..##..#..... , #
,,.....# .... * .#
..#..####.####..#
#.#......))†....##
#.#..##?.)<'......
#@#..##...†# #####
#hz..##....#
##...##....#
#z......###
##..###.# #.>....#
########


You could see a hound and 2 wights.

Vanquished Creatures
  Sigmund (D:3)
  2 sky beasts
  A phantom (D:4)
  2 centaurs (D:7)
  An ogre (D:5)
  A big kobold (Sewer)
  A giant frog (D:6)
  A scorpion (D:7)
  A wight (D:7)
  A jelly (D:5)
  2 crimson imps
  A centaur zombie (D:5)
  2 hounds
  2 orc priests (D:5)
  A centaur skeleton (D:4)
  2 iguanas
  5 orc wizards
  Robin (D:4)
  A river rat (Sewer)
  7 adders
  A shadow imp (D:6)
  An ooze (D:3)
  An adder zombie (D:6)
  8 worms
  3 giant geckos
  19 orcs
  6 ball pythons (D:4)
  7 bats
  2 giant cockroaches
  15 goblins
  13 hobgoblins
  3 jackals (D:2)
  9 kobolds
  3 quokkas
  7 giant newts
  A jackal skeleton (D:4)
  A quokka skeleton (D:4)
  14 rats
  A bush (D:1)
  2 butterflies (D:5)
  A plant (D:4)
154 creatures vanquished.

Notes
Turn   | Place    | Note
--------------------------------------------------------------
     0 | D:1      | sugabear the Troll Transmuter began the quest for the Orb.
     0 | D:1      | Reached XP level 1. HP: 18/18 MP: 1/1
   356 | D:1      | Reached XP level 2. HP: 26/26 MP: 3/3
   998 | D:2      | Found a sacrificial altar of Ru.
  1011 | D:2      | Reached XP level 3. HP: 32/32 MP: 4/4
  1575 | D:2      | Found a stormy altar of Qazlal.
  1578 | D:2      | Reached skill level 1 in Fighting
  1578 | D:2      | Reached XP level 4. HP: 38/41 MP: 5/5
  1808 | D:2      | Found a blossoming altar of Fedhas.
  1905 | D:2      | You fall through a shaft!
  1949 | D:3      | Found a faded altar to an unknown god.
  1956 | D:3      | Found a deep blue altar of Sif Muna.
  1973 | D:3      | Became a worshipper of Qazlal Stormbringer
  1973 | D:3      | Reached * piety under Qazlal
  2564 | D:3      | Found an iron altar of Okawaru.
  2729 | D:3      | Noticed Sigmund
  2739 | D:3      | Killed Sigmund
  2739 | D:3      | Reached skill level 4 in Unarmed Combat
  2739 | D:3      | Reached skill level 1 in Invocations
  2739 | D:3      | Reached XP level 5. HP: 19/48 MP: 7/7
  2739 | D:3      | Reached XP level 6. HP: 21/55 MP: 8/8
  2860 | D:3      | Reached ** piety under Qazlal
  2942 | D:4      | Found a glowing drain.
  3033 | Sewer    | Entered a sewer
  3143 | Sewer    | Found a white marble altar of Elyvilon.
  3205 | D:4      | Noticed Robin
  3213 | D:4      | Killed Robin
  3230 | D:4      | Reached XP level 7. HP: 49/65 MP: 9/9
  3318 | D:4      | Found a glowing silver altar of Zin.
  3321 | D:4      | Got a brightly glowing robe
  3332 | D:4      | Identified the +2 robe of Supple Strength {+Inv Str+6} (You found it on level 4 of the Dungeon)
  3520 | D:4      | Reached *** piety under Qazlal
  3910 | D:5      | Entered Level 5 of the Dungeon
  4060 | D:5      | Found a shimmering altar of Xom.
  4094 | D:5      | Gained mutation: Your mind is acute. (Int +2) [mutagenic meat]
  4095 | D:5      | Gained mutation: You are agile. (Dex +2) [mutagenic meat]
  4096 | D:5      | Gained mutation: You passively map a small area around you. [mutagenic meat]
  4773 | D:5      | Reached XP level 8. HP: 74/74 MP: 11/11
  4877 | D:5      | Found a bloodstained altar of Trog.
  4993 | D:6      | Gained mutation: Your system is resistant to poisons. [mutagenic meat]
  4994 | D:6      | Gained mutation: Potions and wands are less effective at restoring your health. [mutagenic meat]
  4995 | D:6      | Lost mutation: You are agile. (Dex +2) [mutagenic meat]
  4996 | D:6      | Gained mutation: Your spells are a little easier to cast, but a little less powerful. [mutagenic meat]
  5043 | D:6      | Found a staircase to the Ecumenical Temple.
  5051 | Temple   | Entered the Ecumenical Temple
  5393 | D:6      | Reached skill level 5 in Unarmed Combat
  5430 | D:6      | Found a white marble altar of Elyvilon.
  5869 | D:6      | Found Izosch's Antique Armour Emporium.
  6032 | D:7      | Found a sacrificial altar of Ru.
  6071 | D:7      | Slain by a wight

Vault maps used:
D:1:      dpeg_arrival_shrine, serial_forest, infiniplex_forest_lined_room_2,
          infiniplex_forest_lined_2, infiniplex_forest_straight_3,
          infiniplex_forest_clump_long, infiniplex_forest_clump_curved
D:2:      fedhas_altar_fruit_tree, lemuel_crystal_altar, first_bread,
          nicolae_ru_great_annihilating_truth
D:3:      marbit_many_paths, lemuel_crystal_altar, ecumenical_altar_1,
          minivault_4, uniq_sigmund
D:4:      overflow_temple_1_default, portal_sewer_entry_a,
          guppyfry_early_lair_pool, uniq_robin
D:5:      kennysheep_little_box, xom_butterflies, dk_rats_in_the_wall
D:6:      overflow_temple_1_default, temple_green, serial_shops, shop
D:7:      old_standard_altar, serial_shops, shop, shop
Temple:   minmay_temple_bridge_a_8
Sewer:    sewer_kobolds

Action                   |  1- 3 |  4- 6 |  7- 9 || total
-------------------------+-------+-------+-------++-------
Melee: Unarmed           |   147 |   176 |   169 ||   492
Throw: Javelin           |       |       |     6 ||     6
       Stone             |       |       |     3 ||     3
Evoke: Wand              |       |     3 |       ||     3
  Use: Potion            |       |       |    10 ||    10
       Scroll            |       |       |     8 ||     8
 Stab: Paralysed         |     1 |       |       ||     1
       Sleeping          |     1 |     1 |       ||     2
  Eat: Chunk             |    19 |    16 |    27 ||    62
       Fruit             |       |       |     4 ||     4
       Pizza             |       |       |     1 ||     1
       Beef jerky        |       |       |     1 ||     1
